 Dungeon Crawl Stone Soup version 0.17-a0-1910-g4c791fa (webtiles) character file.

12676 wvc the Slicer (level 11, -1/58 HPs)
             Began as a Vine Stalker Assassin on Sept 25, 2015.
             Was a High Priest of Kikubaaqudgha.
             Slain by an ettin
             ... wielding a +0 dire flail
              (16 damage)
             ... on level 11 of the Dungeon.
             The game lasted 00:27:30 (8651 turns).

wvc the Slicer (Vine Stalker Assassin)              Turns: 8651, Time: 00:27:30

Health: -1/58      AC: 15    Str: 18    XL:     11   Next: 97%
Magic:  0/13       EV: 13    Int: 12    God:    Kikubaaqudgha [*****.]
Gold:   176        SH: 10    Dex: 18    Spells: 1 memorised, 7 levels left

rFire  + . .     SeeInvis .     a - +6 dagger (freeze)
rCold  . . .     Clarity  .     p - +3 ring mail
rNeg   . . .     SustAt   .     w - +0 shield
rPois  .         Gourm    .     E - +1 helmet
rElec  .         Spirit   +     d - +0 cloak
rCorr  +         Warding  .     (no gloves)
rMut   .         Stasis   .     i - +2 pair of boots
MR     +....                    G - amulet of resist corrosion
Stlth  ++........               I - ring of Ruuw {rF+ Str+4}
                                x - ring of invisibility

@: somewhat resistant to hostile enchantments, unstealthy
A: fangs 3, regeneration 2, magic shield, antimagic bite, no device heal 3, rot
immunity
a: Receive Corpses, Torment, Renounce Religion, Evoke Invisibility


You were on level 11 of the Dungeon.
You worshipped Kikubaaqudgha.
Kikubaaqudgha was extremely pleased with you.
You were not hungry.

You visited 1 branch of the dungeon, and saw 11 of its levels.

You collected 524 gold pieces.
You spent 348 gold pieces at shops.

Inventory:

Hand weapons
 a - a +6 dagger of freezing (weapon)
 b - a +0 blowgun
 c - a +0 dagger of venom
 W - a +4 short sword of holy wrath
Missiles
 e - 42 poisoned needles
 f - 2 curare-tipped needles
 k - 4 javelins of returning (quivered)
 B - 5 needles of sleeping
 U - 3 throwing nets
Armour
 d - a +0 cloak (worn)
 i - a +2 pair of boots (worn)
 p - a +3 ring mail (worn)
 w - a +0 shield (worn)
 E - a +1 helmet (worn)
Jewellery
 x - a ring of invisibility (left hand)
 y - an uncursed amulet of stasis
 D - a +2 ring of evasion
 G - an amulet of resist corrosion (around neck)
 I - the ring of Ruuw (right hand) {rF+ Str+4}
   (You found it on level 6 of the Dungeon)

   [ring of protection from fire]

   It affects your strength (+4).
   It protects you from fire.
 Y - an uncursed ring of protection from cold
Magical devices
 j - a wand of fireball (14)
 t - a wand of teleportation (5)
 M - a wand of frost (2)
 N - a wand of random effects (18)
Scrolls
 h - 2 scrolls of teleportation
 m - 2 scrolls of fog
 s - 3 scrolls of blinking
 v - 2 scrolls of immolation
 F - 2 scrolls of recharging
 V - 4 scrolls of remove curse
Potions
 l - a potion of flight
 n - 2 potions of invisibility
 o - 4 potions of haste
 q - 2 potions of resistance
 r - 6 potions of brilliance
 u - a potion of lignification
 A - a potion of might
 H - 3 potions of magic
 J - 7 potions of curing
 O - 5 potions of berserk rage
 P - 2 potions of cure mutation
Books
 z - Kikubaaqudgha's Almanac of Unholy Rites
   (Kikubaaqudgha gifted it to you on level 2 of the Dungeon)

   Spells                             Type                      Level
   a - Pain                           Necromancy                   1
   b - Corpse Rot                     Necromancy                   2
   c - Sublimation of Blood           Necromancy                   2
   d - Regeneration                   Charms/Necromancy            3
   e - Control Undead                 Necromancy                   4
 L - Kikubaaqudgha's Volume of Evil
   (Kikubaaqudgha gifted it to you on level 6 of the Dungeon)

   Spells                             Type                      Level
   a - Excruciating Wounds            Charms/Necromancy            5
   b - Agony                          Necromancy                   5
   c - Cigotuvi's Embrace             Necromancy                   5
   d - Dispel Undead                  Necromancy                   5
   e - Death Channel                  Necromancy                   6
 R - a book of Enchantments

   Spells                             Type                      Level
   a - Cause Fear                     Hexes                        4
   b - Silence                        Hexes/Air                    5
   c - Deflect Missiles               Charms/Air                   6
   d - Haste                          Charms                       6
   e - Discord                        Hexes                        8
Comestibles
 g - 6 bread rations
 C - 3 meat rations
 K - a slice of pizza
 S - 10 fruits


   Skills:
 + Level 7.6 Fighting
 - Level 12.0 Short Blades
 - Level 1.7 Throwing
 + Level 4.0 Armour
 + Level 5.7 Dodging
 - Level 4.8 Stealth
 + Level 5.8 Shields
 + Level 1.7 Evocations


You had 7 spell levels left.
You knew the following spells:

 Your Spells              Type           Power        Failure   Level  Hunger
a - Regeneration          Chrm/Necr      #.........   100%        3    ####...


Dungeon Overview and Level Annotations

Branches:
Dungeon (11/15)            Temple (0/1) D:7            Lair (0/8) D:11
    Orc (0/4) D:11

Altars:
Ashenzari
Dithmenos
Elyvilon
Fedhas
Gozag
Kikubaaqudgha
Nemelex Xobeh
Okawaru
Qazlal
Ru
Sif Muna
Trog
Vehumet
Xom
The Shining One

Shops:
D:4 :   D:6 }(?   D:8 !


Innate Abilities, Weirdness & Mutations

You have razor-sharp teeth.
You heal very quickly.
When hurt, damage is shared between your health and your magic reserves.
Your bite disrupts and absorbs the magic of your enemies.
Potions and wands cannot restore your health.
You are immune to rotting.


Message History

The ettin is heavily wounded.
The ettin barely misses you. The ettin hits you with a dire flail!
You hit the ettin. You freeze the ettin. You bite the ettin.
You drain its power.
You feel invigorated.
The ettin is severely wounded.
You completely miss the ettin. You bite the ettin, but do no damage.
The ettin is severely wounded.
You block the ettin's attack. The ettin hits you with a dire flail!
* * * LOW HITPOINT WARNING * * *
You hit the ettin but do no damage. You bite the ettin! You drain its power.
You feel invigorated.
The ettin is severely wounded.
You hit the ettin. You freeze the ettin.
The ettin is severely wounded.
You block the ettin's attack. The ettin closely misses you.
You hit the ettin. You freeze the ettin.
The ettin is almost dead.
The ettin hits you with a dire flail!!
You die...
Kikubaaqudgha rasps: "You have failed me!
Welcome... death!"

###....†# #.......# #.####..#
####..#.#..##################
.....#.#....................
.##..####.###.............#
.##.......# #..######.....#
.##...##### #.##...⌠#.....# .#
.###### #.#.@C..#8'8..# #.# .#
#.#.######[#.## #.# .#
##.#.....'..#.# #.#
.###########..#.....'..#.# #.#
..........(...#.######(#.## #.#
.#######......#.._..#8'8..###.#
.# #......##...⌠#.........# .#
#.......######....####.# .#
#.................# #.#


You could see an ettin.

Vanquished Creatures
  The ghost of emiel the Grappler, an experienced TrNe of Cheibriados (D:11)
  A flayed ghost (D:11)
  Pikel (D:4)
  A hill giant (D:11)
  A cyclops (D:10)
  A gargoyle (D:11)
  2 centaur skeletons
  A kobold demonologist (D:11)
  2 trolls
  A two-headed ogre (D:11)
  A slime creature (D:11)
  17 yaks
  A wyvern (D:11)
  A steam dragon (D:10)
  A hippogriff (D:9)
  2 hungry ghosts
  Menkaure (D:4)
  Edmund (D:4)
  The ghost of zarath9 the Gusty, an average TeAE (D:3)
  3 orc warriors
  A phantom (D:3)
  A black bear (D:9)
  An ice beast (D:9)
  6 centaurs
  6 ogres
  4 sky beasts
  Blork the orc (D:4)
  2 big kobolds
  9 giant frogs
  4 scorpions
  3 wights (D:10)
  A water moccasin skeleton (D:7)
  11 killer bees
  2 giant frog zombies
  3 crimson imps
  5 hounds
  A centaur zombie (D:10)
  11 orc wizards
  A jelly (D:7)
  3 orc priests
  8 worker ants
  3 iguanas
  8 gnolls
  Robin (D:4)
  20 adders
  A shadow imp (D:10)
  2 worms (D:2)
  8 giant geckos
  39 orcs
  7 bats
  11 goblins
  3 hobgoblins
  13 jackals
  4 quokkas
  A ball python (D:6)
  3 giant cockroaches
  6 giant newts
  20 kobolds
  9 rats
284 creatures vanquished.

Vanquished Creatures (collateral kills)
  2 killer bees (D:7)
2 creatures vanquished.

Vanquished Creatures (others)
  An orc (D:3)
  2 hobgoblins (D:4)
  4 goblins (D:4)
7 creatures vanquished.

Grand Total: 293 creatures vanquished

Notes
Turn   | Place    | Note
--------------------------------------------------------------
     0 | D:1      | wvc the Vine Stalker Assassin began the quest for the Orb.
     0 | D:1      | Reached XP level 1. HP: 11/11 MP: 2/2
   391 | D:1      | Reached XP level 2. HP: 15/15 MP: 3/3
   819 | D:2      | Reached XP level 3. HP: 18/18 MP: 4/4
   956 | D:2      | Found a shadowy altar of Dithmenos.
   959 | D:2      | Reached XP level 4. HP: 23/23 MP: 5/5
  1147 | D:2      | Found a faded altar to an unknown god.
  1193 | D:2      | Became a worshipper of Kikubaaqudgha
  1193 | D:2      | Acquired Kikubaaqudgha's first power
  1193 | D:2      | Received a gift from Kikubaaqudgha
  1193 | D:2      | Identified Kikubaaqudgha's Almanac of Unholy Rites (Kikubaaqudgha gifted it to you on level 2 of the Dungeon)
  1198 | D:2      | Learned a level 3 spell: Regeneration
  1364 | D:2      | Found an iron altar of Okawaru.
  1594 | D:3      | Reached skill level 1 in Dodging
  1598 | D:3      | Reached XP level 5. HP: 23/26 MP: 4/6
  1608 | D:3      | Noticed a phantom
  1616 | D:3      | Killed a phantom
  1616 | D:3      | Reached skill level 5 in Short Blades
  1632 | D:3      | Gained mutation: You heal very quickly. [Vine Stalker growth]
  1632 | D:3      | Reached XP level 6. HP: 23/30 MP: 7/7
  1639 | D:3      | Noticed zarath9's ghost (average TeAE)
  1658 | D:3      | Killed zarath9's ghost
  1658 | D:3      | Reached skill level 1 in Shields
  1964 | D:4      | Noticed Blork the orc
  1983 | D:4      | Killed Blork the orc
  1983 | D:4      | Reached XP level 7. HP: 32/34 MP: 8/8
  2036 | D:4      | Noticed Menkaure
  2048 | D:4      | Killed Menkaure
  2104 | D:4      | Noticed Pikel
  2128 | D:4      | Killed Pikel
  2128 | D:4      | Reached skill level 6 in Short Blades
  2128 | D:4      | Reached skill level 1 in Armour
  2128 | D:4      | Gained mutation: You have razor-sharp teeth. [Vine Stalker growth]
  2128 | D:4      | Reached XP level 8. HP: 24/39 MP: 5/9
  2153 | D:4      | Acquired Kikubaaqudgha's second power
  2274 | D:4      | Noticed Robin
  2291 | D:4      | Killed Robin
  2423 | D:4      | Noticed Edmund
  2436 | D:4      | Killed Edmund
  2444 | D:4      | Found Ceagogib's Book Emporium.
  2511 | D:4      | Found a white marble altar of Elyvilon.
  2579 | D:4      | Found a deep blue altar of Sif Muna.
  2886 | D:5      | Entered Level 5 of the Dungeon
  3473 | D:5      | Reached XP level 9. HP: 44/44 MP: 10/10
  3766 | D:6      | Found Oditeg's Weapon Shop.
  3798 | D:6      | Found Yshix's Magic Scroll Shop.
  3799 | D:6      | Got a translucent pewter ring
  3802 | D:6      | Identified the ring of Ruuw {rF+ Str+4} (You found it on level 6 of the Dungeon)
  3834 | D:6      | Bought 2 scrolls of identify for 60 gold pieces
  3834 | D:6      | Bought a scroll of identify for 30 gold pieces
  3834 | D:6      | Bought a scroll of identify for 30 gold pieces
  3834 | D:6      | Bought a scroll of identify for 30 gold pieces
  3834 | D:6      | Bought a scroll of identify for 30 gold pieces
  3875 | D:6      | Found a sacrificial altar of Ru.
  3996 | D:6      | Reached skill level 7 in Short Blades
  4007 | D:6      | Found Pihats's Gadget Emporium.
  4011 | D:6      | Found a radiant altar of Vehumet.
  4016 | D:6      | Received a gift from Kikubaaqudgha
  4019 | D:6      | Identified Kikubaaqudgha's Volume of Evil (Kikubaaqudgha gifted it to you on level 6 of the Dungeon)
  4285 | D:6      | Reached skill level 5 in Shields
  4357 | D:6      | Found a shimmering altar of Xom.
  4357 | D:6      | Found a stormy altar of Qazlal.
  4387 | D:6      | Found an opulent altar of Gozag.
  4388 | D:6      | Found a sparkling altar of Nemelex Xobeh.
  4640 | D:7      | Reached skill level 5 in Dodging
  4747 | D:7      | Found a staircase to the Ecumenical Temple.
  5242 | D:8      | Found a glowing golden altar of the Shining One.
  5383 | D:8      | Reached skill level 8 in Short Blades
  5383 | D:8      | Reached XP level 10. HP: 49/49 MP: 11/11
  5859 | D:8      | Found Nidwij's Distillery.
  5869 | D:8      | Bought 2 potions of curing for 72 gold pieces
  5869 | D:8      | Bought a potion of curing for 36 gold pieces
  5869 | D:8      | Bought a potion of berserk rage for 60 gold pieces
  6029 | D:8      | Found a blossoming altar of Fedhas.
  6194 | D:9      | Acquired Kikubaaqudgha's third power
  6246 | D:9      | Reached skill level 9 in Short Blades
  6712 | D:9      | Found an ancient bone altar of Kikubaaqudgha.
  6720 | D:9      | Found a bloodstained altar of Trog.
  6756 | D:9      | Reached skill level 5 in Fighting
  6765 | D:9      | Reached skill level 10 in Short Blades
  6972 | D:10     | Entered Level 10 of the Dungeon
  7082 | D:10     | Reached skill level 1 in Evocations
  7090 | D:10     | Acquired Kikubaaqudgha's fourth power
  7232 | D:10     | Reached XP level 11. HP: 54/56 MP: 12/12
  7286 | D:10     | Noticed a cyclops
  7339 | D:10     | Killed a cyclops
  7672 | D:11     | Reached skill level 11 in Short Blades
  7802 | D:11     | Found a staircase to the Orcish Mines.
  8135 | D:11     | Noticed a hill giant
  8152 | D:11     | Killed a hill giant
  8153 | D:11     | Reached skill level 12 in Short Blades
  8276 | D:11     | Found a staircase to the Lair.
  8397 | D:11     | Noticed emiel's ghost (experienced TrNe)
  8420 | D:11     | HP: 1/58 [emiel's ghost (12)]
  8427 | D:11     | Killed emiel's ghost
  8443 | D:11     | Noticed a hill giant
  8577 | D:11     | Found a large runed door.
  8584 | D:11     | Found a large runed door.
  8599 | D:11     | Found a shimmering altar of Xom.
  8599 | D:11     | Noticed a flayed ghost
  8610 | D:11     | Killed a flayed ghost
  8637 | D:11     | Found a shattered altar of Ashenzari.
  8637 | D:11     | Noticed an ettin
  8651 | D:11     | Slain by an ettin

Vault maps used:
D:1:      saegor_arrival_simple_f
D:2:      kennysheep_six_static_rooms, general_overflow_altar,
          grunt_dithmenos_smoke_and_mirrors, ecumenical_altar_1
D:3:      first_bread
D:4:      kennysheep_big_flooded_room, lemuel_round_altar,
          kennysheep_little_box, serial_shops, shop, kennysheep_nub,
          minmay_misc_feat_five, uniq_blork_the_orc, uniq_robin, uniq_pikel,
          uniq_menkaure, uniq_edmund
D:6:      grunt_temple_overflow_opulence, kennysheep_mini_moat,
          gammafunk_temple_overflow_wave, vehumet_altar_wand_db, serial_shops,
          nicolae_shop_window_shopping, nicolae_shop_crystal, shop
D:7:      temple_pool_b
D:8:      basic_altar, serial_shops, shop_fountains, hangedman_tree_tricks,
          hex_medium
D:9:      grunt_temple_overflow_open
D:11:     lair_0_dummy, david_orc_2, minmay_misc_feat_tiny,
          jmf_multi_god_temple2

Action                   |  1- 3 |  4- 6 |  7- 9 | 10-12 || total
-------------------------+-------+-------+-------+-------++-------
Melee: Dagger            |    61 |   123 |   320 |   526 ||  1030
       Short sword       |       |       |       |    40 ||    40
 Fire: Blowgun           |       |       |    11 |       ||    11
Throw: Javelin           |       |       |     3 |       ||     3
 Abil: Evoke Invisibilit |       |     1 |     1 |     3 ||     5
Evoke: Wand              |       |       |       |     1 ||     1
  Use: Scroll            |       |     8 |    21 |     5 ||    34
       Potion            |       |       |       |     1 ||     1
 Stab: Sleeping          |     8 |     9 |    10 |     8 ||    35
       Invisible         |       |     5 |     3 |    10 ||    18
       Distracted        |       |       |       |     1 ||     1
  Eat: Beef jerky        |       |     2 |       |     2 ||     4
       Chunk             |       |     1 |     3 |     8 ||    12
       Fruit             |       |       |     2 |    10 ||    12
       Meat ration       |       |       |     1 |       ||     1
       Royal jelly       |       |       |     1 |       ||     1
       Pizza             |       |       |     1 |       ||     1
